 Dungeon Crawl Stone Soup version 0.28.0-43-g3370ac3207 (webtiles) character file.

Game seed: 5617908676231240102

37 Orthodox the Covered (level 3, -2/33 HPs)
             Began as a Minotaur Fighter on Mar 3, 2022.
             Slain by a gnoll
             ... wielding a +0 halberd
              (13 damage)
             ... on level 2 of the Dungeon.
             The game lasted 00:01:25 (1301 turns).

Orthodox the Covered (Minotaur Fighter)             Turns: 1301, Time: 00:01:26

Health: -2/33      AC:  7    Str: 20    XL:     3   Next: 23%
Magic:  2/2        EV:  9    Int:  5    God:
Gold:   46         SH:  4    Dex: 11    Spells: 2/2 levels left

rFire   . . .      SeeInvis .   a - +0 long sword
rCold   . . .      Faith    .   c - +0 buckler
rNeg    . . .      Spirit   .   b - +0 scale mail
rPois   .          Reflect  .   (helmet restricted)
rElec   .          Harm     .   (no cloak)
rCorr   .          Rampage  .   (no gloves)
Will    .....                   (no boots)
Stlth   ..........              (no amulet)
HPRegen 0.11/turn               (no ring)
MPRegen 0.08/turn               (no ring)

@: no status effects
A: horns 2, retaliatory headbutt
a: no special abilities


You were on level 2 of the Dungeon.
You visited 1 branch of the dungeon, and saw 2 of its levels.

You collected 46 gold pieces.

Inventory:

Hand Weapons
 a - a +0 long sword (weapon)
Armour
 b - a +0 scale mail (worn)
 c - a +0 buckler (worn)
Scrolls
 e - a scroll of amnesia {unknown}
 f - 2 scrolls of identify {unknown}
 i - a scroll of acquirement {unknown}
Potions
 d - a potion of might
 g - a potion of heal wounds {unknown}
 h - a potion of flight {unknown}


   Skills:
 + Level 4.0 Fighting
 + Level 3.1 Long Blades
 + Level 4.1 Armour
 + Level 4.1 Shields


You had 2 spell levels left.
You didn't know any spells.
Your spell library contained the following spells:

 Spells                   Type           Power      Damage    Failure   Level
 Fulminant Prism          Conj/Hex       0%         3d6       100%        4
 Iskenderun's Mystic Bla  Conj/Tloc      0%         2d3       100%        4
 Lee's Rapid Deconstruct  Erth           0%         3d5*      100%        5


Dungeon Overview and Level Annotations

Branches:
Dungeon (2/15)

Altars:
The Shining One


Innate Abilities, Weirdness & Mutations

You have a pair of horns on your head.
You reflexively headbutt those who attack you in melee.


Message History

Key pressed, stopping explore.
There is a large open door here.
Key pressed, stopping explore.
A rat and a gnoll come into view.
The gnoll shouts!
A bat comes into view.
There is a large open door here.
The bat hits you but does no damage. The bat hits you but does no damage.
Things that are here:
a +0 dagger; a kobold skeleton The bat hits you.
You take 1 damage, and have 32/33 hp.
The bat barely misses you.
Health restored: 33 You block the bat's attack.
You hit the bat.
You kill the bat!
You see here a bat corpse.
You block the rat's attack.
You barely miss the rat. You block the rat's attack.
The gnoll closely misses you.
You hit the rat but do no damage. The rat bites you but does no damage.
The gnoll hits you from afar with a +0 halberd!
You take 7 damage, and have 26/33 hp.
MASSIVE DAMAGE!!
You slash the rat!
You kill the rat!
The gnoll hits you but does no damage. The gnoll completely misses you.
You slash the gnoll! You headbutt the gnoll.
The gnoll is almost dead.
The gnoll closely misses you.
You barely miss the gnoll.
The gnoll is almost dead.
The gnoll hits you with a +0 halberd! x2
You take 16 damage, and have 11/33 hp.
MASSIVE DAMAGE!!
You closely miss the gnoll. Your headbutt misses the gnoll.
The gnoll is almost dead.
The gnoll hits you with a +0 halberd!
You die...

.........##.##......##
#.##....
..........#.###.....#
#.......
..........#.###.#...#
###.....
§.≈.......#..##.#...#
#.....
§§........'..##.###.#
#.....
≈≈...r....'.....# #.#
#.####
..≈.g.....#..#### #.##
#.# #
..........#..g.####..##
#.## #
..........#.##@.†...<.#
#..# #
.........##..##÷....#.#
##.# #
........###.........#.
#.# # .......##
#.##......#. #.# #
......# #.##......#.##
#.# # .....#
#.###.....#..# #.# #
##### #.# #.....##.#
#.# # #.# #........##
#.### #.# #.....##..#
#.##.


You could see a gnoll.

Vanquished Creatures
  5 bats
  3 endoplasms
  A giant cockroach (D:1)
  4 goblins
  3 hobgoblins (D:1)
  3 quokkas (D:1)
  2 ball pythons (D:1)
  3 frilled lizards (D:1)
  5 kobolds
  4 rats
33 creatures vanquished.

Notes
Turn   | Place    | Note
-------+----------+-------------------------------------------
     0 | D:1      | Orthodox the Minotaur Fighter began the quest for the Orb.
     0 | D:1      | Reached XP level 1. HP: 19/19 MP: 0/0
   222 | D:1      | Reached XP level 2. HP: 27/27 MP: 1/1
   510 | D:1      | Reached XP level 3. HP: 33/33 MP: 2/2
  1099 | D:2      | Found a faded altar of an unknown god.
  1149 | D:2      | Found a glowing golden altar of the Shining One.
  1301 | D:2      | Slain by a gnoll

Illustrated notes

Levels and vault maps discovered:
D:1:      mrwooster_arrival_arrow, layout_loops_ring
D:2:      kennysheep_big_flooded_room, layout_rooms, basic_altar,
          shapermc_ecumenical_altar_flowoftime

Skill      XL: |  1  2 |
---------------+-------+-----
Armour         | 4 |  4.1
Long Blades    | 3 |  3.1
Shields        | 4 |  4.1
Fighting       | 4 |  4.0

Action                   || total
-------------------------++-------
Melee: Long sword        ||    74
       Headbutt          ||     8
Armor: Scale mail        ||    45
Dodge: Dodged            ||    37
Block: Buckler           ||    17
